 Dungeon Crawl Stone Soup version 0.32-a0-576-g706899e69d (webtiles) character file.

Game seed: 17123789091744291317

8619 pokeman the Thaumaturge (level 11, -7/61 HPs)
             Began as a Deep Elf Hedge Wizard on Mar 1, 2024.
             Was a Priest of Vehumet.
             Killed from afar by an acid dragon (29 damage)
             ... with a splash of acid
             ... on level 10 of the Dungeon.
             The game lasted 00:25:37 (10619 turns).

pokeman the Thaumaturge (Deep Elf Hedge Wizard)    Turns: 10619, Time: 00:25:38

Health: -7/61      AC:  9    Str:  7    XL:     11   Next: 12%
Magic:  12/31      EV: 13    Int: 24    God:    Vehumet [***...]
Gold:   433        SH:  0    Dex: 14    Spells: 14/39 levels left

rFire   . . .        s - +1 dagger (venom)
rCold   . . .        (no shield)
rNeg    . . .        w - +0 steam dragon scales
rPois   .            q - +0 helmet
rElec   .            h - +0 cloak
rCorr   .            (no gloves)
SInv    +            o - +0 pair of boots
Will    +....        l - amulet of the acrobat
Stlth   ++           G - ring of see invisible
HPRegen 0.30/turn    (no ring)
MPRegen 0.22/turn

%: acrobat
@: no status effects
A: no striking features
a: Renounce Religion


You were on level 10 of the Dungeon.
You worshipped Vehumet.
Vehumet was most pleased with you.
You visited 2 branches of the dungeon, and saw 11 of its levels.
You also visited: Sewer.

You collected 614 gold pieces.
You spent 181 gold pieces at shops.

Inventory:

Hand Weapons
 s - a +1 dagger of venom (weapon)
 K - a +2 scimitar of electrocution
Armour
 h - a +0 cloak (worn)
 o - a +0 pair of boots (worn)
 q - a +0 helmet (worn)
 w - +0 steam dragon scales (worn)
Jewellery
 l - an amulet of the acrobat (around neck)
 G - a ring of see invisible (left hand)
Wands
 t - a wand of flame (39)
 F - a wand of paralysis (11)
 J - a wand of digging (8)
Scrolls
 b - 2 scrolls of poison {unknown}
 e - 9 scrolls of identify {unknown}
 g - 3 scrolls of torment {unknown}
 i - 6 scrolls of teleportation {unknown}
 j - 2 scrolls of blinking {unknown}
 k - 2 scrolls of revelation {unknown}
 m - 6 scrolls of enchant armour {unknown}
 n - 4 scrolls of fear {unknown}
 r - a scroll of amnesia {unknown}
 u - a scroll of summoning {unknown}
 x - a scroll of fog {unknown}
 y - a scroll of vulnerability {unknown}
 E - 3 scrolls of immolation {unknown}
 I - a scroll of enchant weapon {unknown}
Potions
 a - 2 potions of attraction {unknown}
 d - 2 potions of magic
 f - a potion of resistance {unknown}
 p - 3 potions of lignification {unknown}
 v - 2 potions of enlightenment {unknown}
 z - a potion of degeneration {unknown}
 A - a potion of berserk rage {unknown}
 B - a potion of brilliance {unknown}
 C - a potion of mutation {unknown}
 D - 2 potions of curing {unknown}
 H - a potion of heal wounds {unknown}


   Skills:
 - Level 4.0 Fighting
 + Level 4.2 Armour
 - Level 3.0 Dodging
 - Level 3.0 Stealth
 * Level 14.6 Spellcasting
 + Level 8.5 Conjurations
 - Level 1.1 Summonings
 - Level 1.1 Translocations
 - Level 1.1 Fire Magic
 + Level 7.8 Ice Magic
 - Level 1.3 Air Magic
 - Level 1.0 Earth Magic
 - Level 1.2 Alchemy
 - Level 2.0 Evocations


You had 14 spell levels left.
You knew the following spells:

 Your Spells              Type           Power      Damage    Failure   Level
a - Magic Dart            Conj           100%       1d8       1%          1
b - Mephitic Cloud        Conj/Alch/Air  35%        N/A       1%          3
c - Call Imp              Summ           44%        N/A       3%          2
d - Blink                 Tloc           44%        N/A       3%          2
e - Ignite Poison         Fire/Alch      23%        N/A       5%          4
f - Freezing Cloud        Conj/Ice/Air   22%        6-21      2%          5
g - Lee's Rapid Deconstr  Erth           11%        3d8*      16%         5
h - Summon Ice Beast      Ice/Summ       38%        N/A       1%          3

Your spell library contained the following spells:

 Spells                   Type           Power      Damage    Failure   Level
 Frozen Ramparts          Ice            100%       1d16      1%          3
 Foxfire                  Conj/Fire      100%       2x1d9     1%          1
 Sting                    Conj/Alch      100%       1d9       1%          1
 Ensorcelled Hibernation  Hex/Ice        72%        N/A       1%          2
 Mercury Vapours          Alch/Air       46%        N/A       1%          2
 Hailstorm                Conj/Ice       54%        3d11      1%          3
 Slow                     Hex            68%        N/A       3%          1
 Cigotuvi's Dreadful Rot  Necr/Alch/Air  42%        N/A       3%          2
 Olgreb's Toxic Radiance  Alch           23%        N/A       5%          4
 Passwall                 Erth           22%        N/A       6%          3
 Swiftness                Air            23%        N/A       6%          3
 Starburst                Conj/Fire      20%        6d7       17%         6
 Summon Lightning Spire   Summ/Air       23%        N/A       21%         4
 Animate Armour           Summ/Erth      44%        N/A       22%         4
 Plasma Beam              Fire/Air       11%        2x1d22    56%         6
 Sculpt Simulacrum        Ice/Alch       19%        N/A       61%         6


Dungeon Overview and Level Annotations

Branches:
Dungeon (10/15)            Temple (1/1) D:4            Lair (0/5) D:8
  Sewer (visited)
    Orc: D:9-12

Altars:
Ashenzari
Cheibriados
Dithmenos
Elyvilon
Fedhas
Gozag
Hepliaklqana
Kikubaaqudgha
Makhleb
Nemelex Xobeh
Okawaru
Qazlal
Ru
Sif Muna
Trog
Uskayaw
Vehumet
Wu Jian
Xom
Yredelemnul
Zin
The Shining One
Lugonu

Shops:
D:5 *

Annotations:
D:5 2 transporters, Menkaure
D:10 2 runed translucent doors


Message History

An acid dragon comes into view.
A troll and a centaur warrior simulacrum come into view.
You see here a +0 falchion.
The acid dragon spits acid at you. The splash of acid hits you!
You see here a basilisk corpse.
Casting: Mephitic Cloud (safe; 1% risk of failure)
Confirm with . or Enter, or press ? or * to list all spells.
Aiming: Mephitic Cloud (safe; 1% risk of failure)
Press: ? - help, Shift-Dir - straight line, f - centaur warrior simulacrum
Aim: a centaur warrior simulacrum (not susceptible)
The ball explodes into a vile cloud!
The stinking cloud engulfs the centaur warrior simulacrum.
The stinking cloud engulfs you.
The centaur warrior simulacrum barely misses you.
The centaur warrior simulacrum closely misses you.
Unknown command.
Unknown command.
Casting: Mephitic Cloud (safe; 1% risk of failure)
Confirm with . or Enter, or press ? or * to list all spells.
You ignite the poison in your surroundings!
The centaur warrior simulacrum is engulfed in blazing flames.
The centaur warrior simulacrum hits you!
The centaur warrior simulacrum freezes you!
The centaur warrior simulacrum kicks you but does no damage.
Unknown command.
Unknown command.
Casting: Ignite Poison (dangerous; 5% risk of failure)
Confirm with . or Enter, or press ? or * to list all spells.
Aiming: Freezing Cloud (dangerous; 2% risk of failure)
Press: ? - help, Dir - move target, f - acid dragon, p - centaur warrior simulacrum
Aim: an acid dragon The centaur warrior simulacrum is engulfed in blazing flames.
The centaur warrior simulacrum vaporises!
Vehumet accepts your kill.
You feel your power returning.
The acid dragon is engulfed in freezing vapours.
The acid dragon spits acid at you. The splash of acid hits you!!
You die...

####### #.....# ##.....##
#.......#
#####.......##################
........#.........§.).........
........#......☼@○§T..........
........#....##☼○§D§).........
........#....##..☼§§§........#
####....#..........T.........#
......#......................#
.............................#
####+#........................
..[..#...................<....
.....'........................


You could see 2 trolls and an acid dragon (catching breath).

Vanquished Creatures
  An ogre mage (D:10)
  A centaur warrior (D:10)
  2 two-headed ogres (D:10)
  An oklob plant (D:6)
  A polar bear (D:10)
  A hornet (D:10)
  A centaur simulacrum (D:10)
  5 yaks (D:8)
  An unseen horror simulacrum (D:10)
  A basilisk (D:10)
  4 wyverns
  A steam dragon (D:4)
  3 water moccasins (D:9)
  2 acid dragons
  3 black bears
  A crocodile (Sewer)
  2 ogres (D:5)
  2 centaurs
  A phantom (D:5)
  4 bullfrogs
  A scorpion (D:6)
  14 wights
  11 killer bees
  2 electric eels
  2 howler monkeys
  2 hounds
  A jelly (D:8)
  A gnoll bouda (D:7)
  3 orc priests
  4 iguanas
  5 sleepcaps
  Ijyb (D:4)
  A human skeleton (D:8)
  2 orc wizards
  A hound skeleton (D:8)
  Robin (D:2)
  9 gnolls
  11 adders
  2 river rats (D:8)
  2 white imps
  An ufetubus (D:10)
  4 dart slugs
  9 orcs
  7 ball pythons
  7 bats
  5 endoplasms
  2 giant cockroaches
  17 goblins
  10 hobgoblins
  4 jackals (Sewer)
  8 kobolds
  4 quokkas
  5 frilled lizards
  6 rats
  A butterfly (D:9)
204 creatures vanquished.

Notes
Turn   | Place    | Note
-------+----------+-------------------------------------------
     0 | D:1      | pokeman the Deep Elf Hedge Wizard began the quest for the
                  | Orb.
     0 | D:1      | Reached XP level 1. HP: 10/10 MP: 7/7
   224 | D:1      | Reached XP level 2. HP: 16/16 MP: 5/9
   724 | D:1      | Reached skill level 5 in Spellcasting
  1227 | D:2      | Reached XP level 3. HP: 17/20 MP: 2/11
  1231 | D:2      | Learned a level 3 spell: Mephitic Cloud
  1234 | D:2      | Learned a level 2 spell: Call Imp
  1237 | D:2      | Learned a level 2 spell: Blink
  1615 | D:2      | Noticed Robin
  1628 | D:2      | Killed Robin
  1629 | D:2      | Reached skill level 1 in Fighting
  1629 | D:2      | Reached skill level 1 in Armour
  2070 | D:2      | Reached XP level 4. HP: 25/25 MP: 8/13
  2665 | D:3      | Learned a level 4 spell: Ignite Poison
  3203 | D:4      | Noticed Ijyb
  3255 | D:4      | Reached skill level 6 in Spellcasting
  3303 | D:3      | Reached XP level 5. HP: 16/29 MP: 6/15
  3462 | D:4      | Killed Ijyb
  3543 | D:4      | Found a staircase to the Ecumenical Temple.
  3555 | Temple   | Entered the Ecumenical Temple
  3571 | Temple   | Became a worshipper of Vehumet
  3696 | D:4      | Found a glowing drain.
  3700 | Sewer    | Entered a sewer
  3885 | Sewer    | Noticed a crocodile
  3912 | Sewer    | Killed a crocodile
  3913 | Sewer    | Reached skill level 1 in Fire Magic
  3913 | Sewer    | Reached skill level 1 in Air Magic
  3913 | Sewer    | Reached skill level 1 in Alchemy
  3913 | Sewer    | Reached XP level 6. HP: 34/34 MP: 6/17
  3919 | Sewer    | Learned a level 5 spell: Freezing Cloud
  4406 | D:4      | Reached skill level 7 in Spellcasting
  4491 | D:4      | Noticed a steam dragon
  4508 | D:4      | Killed a steam dragon
  4509 | D:4      | Reached skill level 1 in Ice Magic
  4509 | D:4      | Reached skill level 1 in Evocations
  4798 | D:4      | Reached XP level 7. HP: 38/38 MP: 16/20
  4865 | D:5      | Entered Level 5 of the Dungeon
  4944 | D:5      | Found a glowing silver altar of Zin.
  5143 | D:5      | Reached skill level 8 in Spellcasting
  5413 | D:5      | Found a transporter.
  5588 | D:5      | Found a sparkling altar of Nemelex Xobeh.
  5715 | D:5      | Found Doisewiu's Assorted Antiques.
  5724 | D:5      | Reached * piety under Vehumet
  5724 | D:5      | Offered knowledge of Shock by Vehumet.
  5770 | D:5      | Bought a scroll labelled DAENUA KAWK for 32 gold pieces
  5770 | D:5      | Bought 2 metallic ruby potions for 57 gold pieces
  5770 | D:5      | Bought a scroll labelled FOKHLA ZISA for 32 gold pieces
  5770 | D:5      | Bought a scroll labelled BOQITA WUVUKKO for 32 gold pieces
  5770 | D:5      | Bought a white potion for 28 gold pieces
  5868 | D:5      | Found a transporter.
  5869 | D:5      | Found an ancient bone altar of Kikubaaqudgha.
  5871 | D:5      | Noticed Menkaure
  5873 | D:5      | Found a basalt altar of Yredelemnul.
  6121 | D:6      | Reached XP level 8. HP: 38/44 MP: 16/22
  6170 | D:6      | Found an opulent altar of Gozag.
  6269 | D:6      | Found an ornate altar of the Wu Jian Council.
  6334 | D:6      | Reached skill level 9 in Spellcasting
  6513 | D:6      | Found a blossoming altar of Fedhas.
  6523 | D:6      | Noticed an oklob plant
  6629 | D:6      | Killed an oklob plant
  6630 | D:6      | Reached skill level 5 in Conjurations
  6674 | D:6      | You fall into a shaft and drop 3 floors!
  6694 | D:8      | Reached skill level 10 in Spellcasting
  6712 | D:8      | Reached XP level 9. HP: 5/48 MP: 9/25
  6712 | D:8      | HP: 2/48 [orc/+0 whip (3)]
  6958 | D:6      | Found a hazy altar of Hepliaklqana.
  6958 | D:6      | Found a sacrificial altar of Ru.
  7265 | D:7      | Reached skill level 11 in Spellcasting
  7321 | D:7      | Reached skill level 5 in Ice Magic
  7332 | D:7      | Reached ** piety under Vehumet
  7393 | D:7      | Offered knowledge of Searing Ray by Vehumet.
  8342 | D:8      | Reached skill level 12 in Spellcasting
  8391 | D:8      | Found a staircase to the Lair.
  8624 | D:8      | Found a broken altar of Ashenzari.
  8709 | D:8      | Found a shadowy altar of Dithmenos.
  8722 | D:8      | Identified the +1 scale mail of the Apprentice {Will+
                  | Int+3}
  8814 | D:8      | Found a burning altar of Makhleb.
  9032 | D:8      | Found a shimmering altar of Xom.
  9043 | D:8      | Reached XP level 10. HP: 56/56 MP: 16/28
  9117 | D:8      | Learned a level 5 spell: Lee's Rapid Deconstruction
  9144 | D:8      | Found a bloodstained altar of Trog.
  9412 | D:9      | Reached skill level 1 in Earth Magic
  9418 | D:9      | Offered knowledge of Frozen Ramparts by Vehumet.
  9469 | D:9      | Reached skill level 13 in Spellcasting
  9658 | D:9      | Learned a level 3 spell: Summon Ice Beast
 10031 | D:9      | Found a white marble altar of Elyvilon.
 10173 | D:10     | Entered Level 10 of the Dungeon
 10228 | D:10     | Noticed a two-headed ogre
 10249 | D:10     | Killed a two-headed ogre
 10288 | D:10     | Noticed an ogre mage
 10298 | D:10     | Killed an ogre mage
 10299 | D:10     | Reached skill level 14 in Spellcasting
 10299 | D:10     | Noticed a two-headed ogre
 10314 | D:10     | Killed a two-headed ogre
 10357 | D:10     | Noticed a centaur warrior
 10366 | D:10     | Killed a centaur warrior
 10367 | D:10     | Reached XP level 11. HP: 54/61 MP: 13/31
 10461 | D:10     | Found a runed translucent door.
 10464 | D:10     | Noticed a shock serpent
 10468 | D:10     | Found a runed translucent door.
 10468 | D:10     | Noticed a shock serpent
 10468 | D:10     | Noticed a storm dragon
 10468 | D:10     | Found the +5 Storm Queen's Shield {shock, Fly rElec}
 10468 | D:10     | Noticed a sixfirhy
 10468 | D:10     | Noticed a sixfirhy
 10469 | D:10     | Noticed a spark wasp
 10540 | D:10     | Identified the +3 ring mail of Jonithum {Harm Will++}
 10585 | D:10     | Reached *** piety under Vehumet
 10619 | D:10     | Killed from afar by an acid dragon

Illustrated notes

Levels and vault maps discovered:
D:1:      lightli_molten_gateway, layout_loops_ring, minmay_crystal_room,
          minmay_misc_feat_square, minmay_misc_feat_hallway,
          palyth_stone_intersect
D:2:      layout_loops_cross, grunt_ministairs_1, uniq_robin
D:3:      layout_basic
D:4:      layout_basic, minmay_temple_entry_glass,
          mainiacjoe_sewer_entry_somewhere_in_here_2, nicolae_goblin_pals
D:5:      layout_loops_corners, gammafunk_temple_of_torment,
          nemelex_dance_club_becter, zin_academy, serial_shops, shop
D:6:      layout_rooms, tgw_fedhas, nzn_wu_jian_council_hall,
          grunt_gozag_statues, gammafunk_temple_overflow_elements
D:7:      layout_basic
D:8:      statuecave_lemuel, layout_loops_corners, nicolae_ashenzari_skybound,
          makhleb_blood_cavern_becter, mainiacjoe_overflow_paths, trog_book,
          overflow_temple_1_default, dpeg_lair_monsters
D:9:      layout_cave_pools, nicolae_elyvilon_peaceful_grove,
          kennysheep_generic_room_9
D:10:     minmay_the_grid_octo_2x2 [minmay_the_grid_octo_pinwheel,
          minmay_the_grid_octo_shrine, minmay_the_grid_octo_checkerflower,
          minmay_the_grid_octo_prize_big_c], layout_stronghold, serial_ice,
          serial_ice_n, serial_ice_a, serial_ice_h, serial_ice_b,
          nicolae_guarded_unrand_storm_shield
Temple:   corrupted_temple

Skill      XL: |  1  2  3  4  5  6  7  8  9 10 |
---------------+-------------------------------+-----
Spellcasting   | 5 6 7 8 10 12 14 | 14.6
Fighting       | 1 2 3 4 |  4.0
Armour         | 1 2 3 4 |  4.2
Conjurations   | 2 3 4 5 7 8 |  8.5
Stealth        | 3 |  3.0
Dodging        | 3 |  3.0
Fire Magic     | 1 |  1.1
Air Magic      | 1 |  1.3
Alchemy        | 1 |  1.2
Ice Magic      | 1 3 4 6 7 |  7.8
Evocations     | 1 2 |  2.0
Earth Magic    | 1 |  1.0
Summonings     | |  1.1
Translocations | |  1.1

Action                     |  1- 3 |  4- 6 |  7- 9 | 10-12 || total
---------------------------+-------+-------+-------+-------++-------
  Melee: Dagger            |    26 |    80 |    86 |    40 ||   232
         Whip              |       |    13 |       |       ||    13
   Cast: Magic Dart        |    91 |   101 |   109 |    17 ||   318
         Mephitic Cloud    |     2 |     7 |    26 |    14 ||    49
         Call Imp          |       |     3 |     4 |     1 ||     8
         Blink             |       |     1 |       |     1 ||     2
         Freezing Cloud    |       |       |     5 |    15 ||    20
         Ignite Poison     |       |       |    11 |    10 ||    21
   Stab: Confused          |     2 |     5 |     7 |     4 ||    18
         Sleeping          |       |     1 |       |       ||     1
 Armour: Robe              |    21 |    76 |       |       ||    97
         Steam dragon scal |       |       |    56 |    32 ||    88
  Dodge: Dodged            |    34 |    99 |    69 |    47 ||   249

Table legend: (Time is in decaauts)
 A = Elapsed time spent in this place.
 B = Non-inter-level travel time spent in this place.
 C = Inter-level travel time spent in this place.
 D = Time resting spent in this place.
 E = Time spent auto-exploring this place.
 F = Levels seen in this place.
 G = Mean time per level.
                   A        B        C        D        E       F      G
               +--------+--------+--------+--------+--------+-----+--------+
         Total |  10652 |  10227 |    425 |    402 |   8117 |  12 |  887.7 |
       Dungeon |  10266 |   9856 |    410 |    402 |   7866 |  10 | 1026.6 |
        Temple |     32 |     17 |     15 |      0 |      0 |   1 |   32.0 |
         Sewer |    352 |    352 |      0 |      0 |    251 |   1 |  352.0 |
               +--------+--------+--------+--------+--------+-----+--------+

Top non-repeatable levels by time:
     D:7: 1318 daAuts
     D:5: 1217 daAuts
     D:8: 1161 daAuts
     D:4: 1141 daAuts
     D:3: 1140 daAuts
     D:2: 1124 daAuts
     D:1: 1098 daAuts
     D:9: 866 daAuts
     D:6: 751 daAuts
    D:10: 447 daAuts
   Sewer: 352 daAuts
  Temple: 32 daAuts
